 Dungeon Crawl Stone Soup version 0.23.1 (webtiles) character file.

Game seed: 14356865514076430172

667 kae the Conjurer (level 7, -5/49 HPs)
             Began as an Octopode Conjurer on Mar 17, 2019.
             Splashed by a jelly's acid (9 damage)
             ... on level 5 of the Dungeon.
             The game lasted 00:07:34 (5344 turns).

kae the Conjurer (Octopode Conjurer)                Turns: 5344, Time: 00:07:35

Health: -5/49      AC: -3    Str:  8    XL:     7   Next: 57%
Magic:  10/13      EV: 13    Int: 19    God:
Gold:   196        SH:  0    Dex: 12    Spells: 5/15 levels left

rFire    . . .     SeeInvis .   (no weapon)
rCold    . . .     Gourm    .   (no shield)
rNeg     . . .     Faith    .   (helmet restricted)
rPois    .         Spirit   .   g - amulet of regeneration
rElec    .         Reflect  .   a - ring of protection from magic
rCorr    .         Harm     .   (no ring)
MR       +....                  (no ring)
Stlth    +++.......             (no ring)
HPRegen  0.56/turn              (no ring)
MPRegen  0.13/turn              (no ring)
                                (no ring)
                                (no ring)

@: corroded, studying Polearms
A: almost no armour, stealthy swim, amphibious, 8 rings, constrict 8, camouflage
1, gelatinous body 1
a: no special abilities


You were on level 5 of the Dungeon.
You were not hungry.

You visited 1 branch of the dungeon, and saw 5 of its levels.
You also visited: Sewer.

You collected 196 gold pieces.

Inventory:

Jewellery
 a - a ring of protection from magic (left tentacle)
 f - an uncursed amulet of the gourmand
 g - an amulet of regeneration (around mantle)
Wands
 i - a wand of digging (3)
Scrolls
 d - 2 scrolls of remove curse
 j - a scroll of enchant armour
 m - 3 scrolls of teleportation
Potions
 c - a potion of magic
 e - a potion of flight
 h - 3 potions of curing
 k - 2 potions of heal wounds
 l - a potion of haste
 n - a potion of degeneration {unknown}
Books
 q - a manual of Polearms
Comestibles
 b - 12 rations
 p - a chunk of flesh


   Skills:
 + Level 4.3 Fighting
 - Level 2.0 Dodging
 - Level 2.6 Stealth
 + Level 4.5 Spellcasting
 + Level 6.1 Conjurations


You had 5 spell levels left.
You knew the following spells:

 Your Spells              Type           Power        Failure   Level  Hunger
a - Magic Dart            Conj           ####         1%          1    None
b - Searing Ray           Conj           ####..       1%          2    #......
c - Dazzling Spray        Conj/Hex       ###...       11%         3    ###....
d - Iskenderun's Mystic   Conj           ####....     11%         4    ####...

Your spell library contained the following spells:

 Spells                   Type           Power        Failure   Level  Hunger
 Force Lance              Conj/Tloc      ###.....     36%         4    ####...
 Fulminant Prism          Conj/Hex       ###.......   36%         4    ####...


Dungeon Overview and Level Annotations

Branches:
Dungeon (5/15)
 Temple: D:4-7

Altars:
Okawaru

Annotations:
D:4 2 runed translucent doors, exclusions: ogre and 1 more exclusion, grocchini's ghost, amateur FoAK


Innate Abilities, Weirdness & Mutations

You cannot wear most types of armour.
You are very stealthy in the water. (Stealth+)
You are amphibious.
You can wear up to eight rings at the same time.
You can use your tentacles to constrict eight enemies at once.
Your skin changes colour to match your surroundings (Stealth+).
Your rubbery body absorbs attacks. (AC +1, EV +1)


Message History

Casting: Magic Dart (safe; 1% risk of failure)
Confirm with . or Enter, or press ? or * to list all spells.
Aiming: Magic Dart (safe; 1% risk of failure)
Press: ? - help, Shift-Dir - straight line, f/p - jelly
Aim: a jelly (moderately wounded)
The magic dart hits the jelly!
The jelly is severely wounded.
The jelly hits you.
You are splashed with acid!
* * * LOW HITPOINT WARNING * * *
Casting: Magic Dart (safe; 1% risk of failure)
Confirm with . or Enter, or press ? or * to list all spells.
Aiming: Magic Dart (safe; 1% risk of failure)
Press: ? - help, Shift-Dir - straight line, f/p - jelly
Aim: a jelly (severely wounded)
The magic dart hits the jelly.
The jelly is almost dead.
The jelly hits you.
* * * LOW HITPOINT WARNING * * *
You are splashed with acid!
You die...

### ######<###
#........#
#......#.#
########.# #
........##.#####
#####...@J......
#...........
#...........
#...........
##.....#####
#...... #.......
+........


You could see a jelly.

Vanquished Creatures
  An ogre (D:4)
  A bullfrog (D:3)
  A bullfrog zombie (D:4)
  A crimson imp (D:2)
  A hound (D:4)
  Crazy Yiuf (D:4)
  An orc priest (D:4)
  An orc wizard (D:3)
  Jessica (D:2)
  An iguana (D:4)
  A worker ant (D:4)
  4 gnolls (D:4)
  9 adders
  An ooze (D:4)
  An adder skeleton (D:4)
  A worm (D:2)
  3 dart slugs
  2 leopard geckos
  6 orcs
  2 ball pythons
  14 giant cockroaches
  12 hobgoblins
  4 jackals
  5 quokkas
  8 bats
  5 frilled lizards
  13 goblins
  15 kobolds
  A quokka skeleton (D:4)
  10 rats
127 creatures vanquished.

Notes
Turn   | Place    | Note
-------+----------+-------------------------------------------
     0 | D:1      | kae the Octopode Conjurer began the quest for the Orb.
     0 | D:1      | Reached XP level 1. HP: 11/11 MP: 3/3
   193 | D:1      | Reached XP level 2. HP: 18/18 MP: 5/5
   208 | D:1      | Learned a level 2 spell: Searing Ray
   226 | D:1      | Reached skill level 1 in Fighting
   918 | D:1      | Reached XP level 3. HP: 19/23 MP: 6/6
  1719 | D:2      | Reached XP level 4. HP: 29/29 MP: 3/8
  1854 | D:2      | Noticed Jessica
  1859 | D:2      | Killed Jessica
  2149 | D:2      | Reached XP level 5. HP: 35/35 MP: 5/9
  2918 | D:2      | You fall through a shaft for 2 floors!
  2922 | D:4      | Reached skill level 5 in Conjurations
  2970 | D:4      | Reached XP level 6. HP: 18/42 MP: 0/11
  3449 | D:3      | Found a glowing drain.
  3601 | D:3      | Found an iron altar of Okawaru.
  3734 | Sewer    | Entered a sewer
  3835 | Sewer    | Noticed Purgy
  3936 | D:3      | Learned a level 3 spell: Dazzling Spray
  3941 | D:3      | Learned a level 4 spell: Iskenderun's Mystic Blast
  4439 | D:4      | Reached XP level 7. HP: 47/47 MP: 13/13
  4821 | D:4      | Reached skill level 6 in Conjurations
  4967 | D:4      | Found a runed translucent door.
  4967 | D:4      | Noticed grocchini's ghost (amateur FoAK)
  4985 | D:4      | Found a runed translucent door.
  5052 | D:4      | Found a runed translucent door.
  5053 | D:4      | Noticed Crazy Yiuf
  5285 | D:4      | Killed Crazy Yiuf
  5331 | D:5      | Entered Level 5 of the Dungeon
  5344 | D:5      | Splashed by a jelly's acid

Skill      XL: |  1  2  3  4  5  6  7 |
---------------+----------------------+-----
Fighting       | 1 2 3 4 |  4.3
Spellcasting   | 3 4 |  4.5
Conjurations   | 5 6 |  6.1
Dodging        | |  2.0
Stealth        | |  2.6

Action                   |  1- 3 |  4- 6 |  7- 9 || total
-------------------------+-------+-------+-------++-------
Melee: Unarmed           |    60 |   229 |    51 ||   340
       Constrict         |    19 |    54 |    10 ||    83
       Tentacles         |    13 |    36 |     7 ||    56
 Cast: Magic Dart        |    19 |    33 |    15 ||    67
       Searing Ray       |     1 |     6 |     1 ||     8
       Dazzling Spray    |       |       |     1 ||     1
  Use: Scroll            |     3 |     8 |     1 ||    12
       Potion            |       |     2 |       ||     2
 Stab: Sleeping          |    11 |    19 |       ||    30
       Distracted        |       |     1 |       ||     1
  Eat: Chunk             |     3 |     9 |     3 ||    15
Armor: Skin              |     8 |    81 |       ||    89
Dodge: Dodged            |    41 |   166 |    29 ||   236
